 Dungeon Crawl Stone Soup version 0.29-a0-284-gf9362112df (webtiles) character file.

Game seed: 9410908750556379505

433 freelancePsychic the Poker (level 7, -3/53 HPs)
             Began as a Formicid Wanderer on Mar 18, 2022.
             Was an Initiate of Yredelemnul.
             Slain by an ogre
             ... wielding a +0 giant club
              (22 damage)
             ... on level 4 of the Dungeon.
             The game lasted 00:07:17 (4066 turns).

freelancePsychic the Poker (Formicid Wanderer)      Turns: 4066, Time: 00:07:17

Health: -3/53      AC:  6    Str: 16    XL:     7   Next: 20%
Magic:  10/10      EV: 10    Int: 10    God:    Yredelemnul [......]
Gold:   228        SH:  0    Dex: 14    Spells: 6/10 levels left

rFire   . . .      SeeInvis +   a - +0 trident
rCold   . . .      Faith    .   (no shield)
rNeg    . . .      Spirit   .   f - +0 ring mail
rPois   +          Reflect  .   (helmet unavailable)
rElec   .          Harm     .   j - scarf {repulsion}
rCorr   .          Rampage  .   (no gloves)
Will    .....                   b - +0 pair of boots
Stlth   +.........              (no amulet)
HPRegen 0.17/turn               e - ring of poison resistance
MPRegen 0.12/turn               (no ring)

@: repel missiles
A: permanent stasis, dig shafts and tunnels, antennae 3, four strong arms
a: Dig, Shaft Self, Renounce Religion, Recall Undead Harvest


You were on level 4 of the Dungeon.
You worshipped Yredelemnul.
Yredelemnul was noncommittal.
You visited 1 branch of the dungeon, and saw 4 of its levels.

You collected 228 gold pieces.

Inventory:

Hand Weapons
 a - a +0 trident (weapon)
Armour
 b - a +0 pair of boots (worn)
 f - a +0 ring mail (worn)
 j - a scarf of repulsion (worn)
 q - a +0 plate armour
 t - a +2 chain mail of poison resistance
Jewellery
 e - a ring of poison resistance (left hand)
 g - a ring of protection from cold
 l - a ring of willpower
 p - an amulet of reflection
 s - an amulet of regeneration
Scrolls
 c - a scroll of fog
 h - a scroll of vulnerability
 m - a scroll of enchant armour
 o - 2 scrolls of blinking {unknown}
 r - a scroll of identify {@r1}
 u - a scroll of amnesia {unknown}
Potions
 d - 3 potions of heal wounds {unknown}
 i - a potion of mutation {unknown}
 k - a potion of berserk rage {unknown}
 n - a potion of lignification {unknown}


   Skills:
 + Level 3.7 Fighting
 + Level 5.4 Polearms
 - Level 1.1 Armour
 - Level 1.0 Dodging
 - Level 2.4 Stealth
 - Level 2.1 Spellcasting
 - Level 1.0 Air Magic
 * Level 4.7 Poison Magic


You had 6 spell levels left.
You knew the following spells:

 Your Spells              Type           Power      Damage    Failure   Level
d - Olgreb's Toxic Radia  Pois           10%        N/A       63%         4

Your spell library contained the following spells:

 Spells                   Type           Power      Damage    Failure   Level
 Magic Dart               Conj           4%         1d3       52%         1
 Sandblast                Erth           2%         2d4       52%         1
 Corpse Rot               Necr/Air       4%         N/A       58%         2
 Static Discharge         Conj/Air       2%         N/A       58%         2
 Mephitic Cloud           Conj/Pois/Air  4%         N/A       63%         3
 Call Imp                 Summ           1%         N/A       65%         2
 Passwall                 Tmut/Erth      0%         N/A       65%         2
 Stone Arrow              Conj/Erth      2%         3d7       87%         3
 Ozocubu's Refrigeration  Ice            0%         4d5       100%        7
 Ignition                 Fire           0%         3d3       100%        8


Dungeon Overview and Level Annotations

Branches:
Dungeon (4/15)
 Temple: D:4-7

Altars:
Xom
Yredelemnul

Annotations:
D:4 exclusion: 3 ogres


Innate Abilities, Weirdness & Mutations

You cannot be hasted, slowed, berserked, paralysed or teleported.
You can dig through walls and to a lower floor.
You have a pair of large antennae on your head. (SInv)
Your four strong arms can wield two-handed weapons with a shield.


Message History

The orc wizard hits you but does no damage.
The orc wizard casts a spell at you.
You easily resist.
The orc wizard hits you with a +0 dagger.
You feel less confused. The orc wizard completely misses you.
You hit the orc wizard.
You kill the orc wizard!
A black mist starts to gather...
An ogre is nearby!
You could not reach far enough!
The ogre hits your orc wizard zombie with a +0 giant club!
Your orc wizard zombie hits the ogre.
You could not reach far enough!
Your orc wizard zombie hits the ogre but does no damage.
You could not reach far enough!
The ogre hits your orc wizard zombie with a +0 giant club!
Your orc wizard zombie is destroyed!
You reach to attack!
You puncture the ogre!
The ogre is heavily wounded.
You puncture the ogre!
The ogre is severely wounded.
Your orc zombie hits the ogre but does no damage.
The ogre hits you with a +0 giant club!
You barely miss the ogre.
The ogre is severely wounded.
Your orc zombie hits the ogre.
You barely miss the ogre.
The ogre is severely wounded.
The ogre closely misses you.
Your orc zombie hits the ogre but does no damage.
You completely miss the ogre.
The ogre is severely wounded.
The ogre hits you with a +0 giant club!!
You barely miss the ogre.
The ogre is severely wounded.
Your orc zombie hits the ogre but does no damage.
The ogre hits you with a +0 giant club!!
You die...
Your body rises from the dead as a mindless zombie.

......###.....####..#.#
#.....#
#####.##............#.#
####..# #.##...8####8...#.###
#... #.##...'....'.......#
##.# ###
#.##...8#..#8....##.# #.# ..#
#.##.####''####.###.#######.#
#.# #.##.#
#..#.⌠#)###.........# #.#
#.#..# #..#..#.....#########
..###.#..# #..#@.#.#.###
......(..#..#..#O.#.#.#
#######
..#####..##.....Z##.#..
....... #.#
#...########..#.## #######
#.# ##........ ..#.# #.#
##.#.#### .....# #.# .#.#
.....# #..{ .. # ### ### .#.


You could see an ogre (ally target) and a friendly orc zombie.

Vanquished Creatures
  A scorpion (D:4)
  2 necrophages
  An orc priest (D:4)
  Ijyb (D:3)
  2 orc wizards (D:4)
  5 adders
  An ufetubus (D:4)
  4 dart slugs
  4 orcs
  7 ball pythons
  7 endoplasms
  2 giant cockroaches
  7 hobgoblins
  4 quokkas (D:1)
  6 bats
  2 frilled lizards (D:1)
  9 goblins
  4 kobolds
  5 rats
74 creatures vanquished.

Vanquished Creatures (collateral kills)
  An orc wizard (D:4)
1 creature vanquished.

Vanquished Creatures (others)
  An orc zombie (D:4)
  A ball python zombie (D:4)
  A hobgoblin zombie (D:4)
3 creatures vanquished.

Grand Total: 78 creatures vanquished

Notes
Turn   | Place    | Note
-------+----------+-------------------------------------------
     0 | D:1      | freelancePsychic the Formicid Wanderer began the quest for
                  | the Orb.
     0 | D:1      | freelancePsychic set off with the following items: a +0
                  | trident, a +0 pair of boots, a scroll of fog, a +0 leather
                  | armour; and the following spells available to memorise:
                  | Corpse Rot, Static Discharge
     0 | D:1      | Reached XP level 1. HP: 13/13 MP: 3/3
   223 | D:1      | Reached XP level 2. HP: 20/20 MP: 5/5
   323 | D:1      | Reached skill level 1 in Fighting
   668 | D:1      | Reached XP level 3. HP: 24/24 MP: 6/6
   681 | D:1      | Found a faded altar of an unknown god.
  1113 | D:2      | Reached skill level 4 in Polearms
  1196 | D:2      | Reached XP level 4. HP: 29/33 MP: 7/7
  2472 | D:3      | Reached XP level 5. HP: 39/39 MP: 8/8
  2481 | D:3      | Learned a level 4 spell: Olgreb's Toxic Radiance
  2858 | D:3      | Noticed Ijyb
  2942 | D:3      | Killed Ijyb
  2943 | D:3      | Reached skill level 5 in Polearms
  2943 | D:3      | Reached XP level 6. HP: 46/46 MP: 9/9
  3251 | D:4      | Noticed an ogre
  3352 | D:4      | Noticed an ogre
  3440 | D:4      | Found a basalt altar of Yredelemnul.
  3677 | D:4      | Became a worshipper of Yredelemnul the Dark
  3727 | D:4      | Noticed an ogre
  3728 | D:4      | Noticed an ogre
  3826 | D:4      | Found a large runed translucent door.
  3827 | D:4      | Found a large runed translucent door.
  3864 | D:4      | Reached XP level 7. HP: 39/50 MP: 10/10
  3887 | D:4      | Found a shimmering altar of Xom.
  4066 | D:4      | Slain by an ogre

Illustrated notes

Levels and vault maps discovered:
D:1:      shiori_arrival_oz, layout_basic, hellmonk_ecumenical_altar_zigzags
D:2:      layout_basic
D:3:      layout_basic, grunt_ministairs_13, feat_on_display, uniq_ijyb
D:4:      layout_loops_ring, kennysheep_mini_moat, jmf_multi_god_temple2

Skill      XL: |  1  2  3  4  5  6 |
---------------+-------------------+-----
Fighting       | 1 2 3 |  3.7
Polearms       | 4 5 |  5.4
Poison Magic   | 2 4 |  4.7
Armour         | |  1.1
Dodging        | |  1.0
Stealth        | |  2.4
Spellcasting   | |  2.1
Air Magic      | |  1.0

Action                   |  1- 3 |  4- 6 |  7- 9 || total
-------------------------+-------+-------+-------++-------
Melee: Trident           |    90 |   154 |    32 ||   276
       Punch             |     1 |     3 |       ||     4
 Abil: Dig               |     1 |       |       ||     1
  Use: Scroll            |       |     2 |       ||     2
 Stab: Sleeping          |     9 |     3 |       ||    12
       Distracted        |       |       |     1 ||     1
Armor: Leather armour    |     3 |       |       ||     3
       Ring mail         |    23 |    23 |     7 ||    53
       Skin              |       |    15 |       ||    15
Dodge: Dodged            |    30 |    44 |    12 ||    86

Table legend: (Time is in decaauts)
 A = Elapsed time spent in this place.
 B = Non-inter-level travel time spent in this place.
 C = Inter-level travel time spent in this place.
 D = Time resting spent in this place.
 E = Time spent auto-exploring this place.
 F = Levels seen in this place.
 G = Mean time per level.
                   A        B        C        D        E       F      G
               +--------+--------+--------+--------+--------+-----+--------+
         Total |   4069 |   3833 |    236 |    113 |   2969 |   4 | 1017.2 |
       Dungeon |   4069 |   3833 |    236 |    113 |   2969 |   4 | 1017.2 |
               +--------+--------+--------+--------+--------+-----+--------+

Top non-repeatable levels by time:
     D:2: 1237 daAuts
     D:1: 1061 daAuts
     D:4: 922 daAuts
     D:3: 848 daAuts
